 Dungeon Crawl Stone Soup version 0.25-b1-23-ge2ad7d536c (webtiles) character file.

Game seed: 10683222392845656441, levelgen mode: deterministic

12028 MajorAdolf the Slicer (level 11, -2/104 HPs)
             Began as a Naga Wanderer on June 3, 2020.
             Was an Initiate of Gozag.
             Engulfed by a cloud of freezing vapour (27 damage)
             ... in an ice cave.
             The game lasted 00:35:47 (20476 turns).

MajorAdolf the Slicer (Naga Wanderer)              Turns: 20476, Time: 00:35:48

Health: -2/104     AC: 18    Str: 17    XL:     11   Next: 87%
Magic:  24/24      EV: 26    Int: 12    God:    Gozag
Gold:   796        SH:  6    Dex: 12    Spells: 10/10 levels left

rFire    . . .     SeeInvis +   p - +5 short sword (protect)
rCold    . . .     Gourm    .   T - +2 buckler {AC+3}
rNeg     . . .     Faith    .   e - +3 ring mail
rPois    +         Spirit   .   (no helmet)
rElec    .         Reflect  .   U - +0 cloak {Stlth+}
rCorr    .         Harm     .   u - +2 pair of gloves
MR       +....                  (no barding)
Stlth    +++.......             W - amulet of the acrobat
HPRegen  0.27/turn              X - ring of magical power
MPRegen  0.19/turn              (no ring)

@: acrobat, very slow
A: large, see invisible, deformed body, poison resistance, slowness 2, slow
metabolism 1, spit poison 1, AC +3
a: Spit Poison, Potion Petition, Call Merchant, Bribe Branch, Renounce Religion


You were in an ice cave.
You worshipped Gozag.
Gozag was pleased with you.
You were hungry.

You visited 2 branches of the dungeon, and saw 13 of its levels.
You also visited: Sewer, Ossuary and Ice Cave.

You collected 2068 gold pieces.
You spent 465 gold pieces at shops.
You paid 807 gold pieces to Gozag.

Inventory:

Hand Weapons
 a - a +2 hand crossbow
 c - a +0 mace
 f - a +0 dagger
 h - a +1 great sword of freezing
 p - a +5 short sword of protection (weapon)
 y - a +1 trident of venom
 z - a +2 dagger of freezing
 C - a +1 dagger of venom
 M - a +2 falchion of flaming
 S - a +2 dagger of electrocution
 V - a +2 dagger of electrocution
Missiles
 b - 79 bolts
Armour
 e - a +3 ring mail (worn)
 u - a +2 pair of gloves (worn)
 T - a +2 buckler of protection (worn)
 U - a +0 cloak of stealth (worn)
Jewellery
 n - an uncursed ring of fire
 x - an uncursed amulet of magic regeneration
 O - an uncursed ring of fire
 W - an amulet of the acrobat (around neck)
 X - a ring of magical power (left hand)
Wands
 F - a wand of flame (2)
 G - a wand of acid (1)
Scrolls
 d - 2 scrolls of teleportation
 m - 3 scrolls of immolation
 r - 5 scrolls of fear
 B - 3 scrolls of amnesia
 E - 2 scrolls of remove curse
 J - a scroll of summoning
 L - a scroll of fog
Potions
 i - a potion of invisibility
 j - 3 potions of flight
 k - a potion of heal wounds
 l - 8 potions of curing
 o - 8 potions of degeneration
 q - a potion of mutation
 s - 2 potions of haste
 w - 4 potions of might
 A - 3 potions of brilliance
 H - 3 potions of lignification
 I - a potion of ambrosia {unknown}
 K - 2 potions of magic {unknown}
 P - 2 potions of cancellation {unknown}
 Q - a potion of berserk rage {unknown}
Comestibles
 g - 12 rations


   Skills:
 + Level 8.4 Fighting
 + Level 9.2 Short Blades
 - Level 1.0(5.8) Long Blades
 - Level 1.7 Crossbows
 - Level 6.3 Armour
 + Level 6.6 Dodging
 + Level 8.1 Stealth
 + Level 3.5 Shields
 + Level 6.4 Evocations


You had 10 spell levels left.
You didn't know any spells.
Your spell library contained the following spells:

 Spells                   Type           Power        Failure   Level  Hunger
 Foxfire                  Conj/Fire      #...         50%         1    ##.....
 Magic Dart               Conj           #...         50%         1    ##.....
 Blink                    Tloc           N/A          63%         2    ###....
 Call Imp                 Summ           #.......     63%         2    ###....
 Slow                     Hex            #.......     63%         2    ###....
 Conjure Flame            Conj/Fire      #.......     86%         3    ####...
 Inner Flame              Hex/Fire       #.......     86%         3    ####...
 Mephitic Cloud           Conj/Pois/Air  #.......     86%         3    ####...
 Sticky Flame             Conj/Fire      #.......     99%         4    #####..
 Fireball                 Conj/Fire      #.........   100%        5    ######.


Dungeon Overview and Level Annotations

Branches:
Dungeon (12/15)            Temple (1/1) D:6            Lair (0/6) D:8
  Sewer (visited)         Ossuary (visited)           IceCv (1/1)
    Orc: D:9-12

Altars:
Ashenzari
Cheibriados
Dithmenos
Elyvilon
Fedhas
Gozag
Hepliaklqana
Kikubaaqudgha
Makhleb
Nemelex Xobeh
Okawaru
Qazlal
Ru
Sif Muna
Trog
Uskayaw
Vehumet
Wu Jian
Xom
Yredelemnul
Zin
The Shining One

Shops:
D:5 ?   D:8 [

Annotations:
D:8 exclusion: 2 oklob plants
D:10 Urug


Innate Abilities, Weirdness & Mutations

You cannot wear boots.
Your serpentine skin is tough. (AC +3)
You have supernaturally acute eyesight. (SInv)
Armour fits poorly on your strangely shaped body.
Your system is resistant to poisons. (rPois)
You cover ground very slowly.
You have a slow metabolism.
You can spit poison.


Message History

HP restored.
Found 7 gold pieces.
You enter the shallow water.
Moving in this stuff is going to be slow.
An ice devil comes into view.
You are engulfed in freezing vapours.
Ouch! That really hurt!
You are engulfed in freezing vapours.
You are engulfed in freezing vapours.
* * * LOW HITPOINT WARNING * * *
You feel much better.
You are engulfed in freezing vapours.
* * * LOW HITPOINT WARNING * * *
You feel much better.
You are engulfed in freezing vapours.
* * * LOW HITPOINT WARNING * * *
Okay, then.
You feel much better.
You are engulfed in freezing vapours.
* * * LOW HITPOINT WARNING * * *
You are engulfed in freezing vapours.
You die...
Your body crumbles into a pile of gold.

#☼°○
##....#..#
#.§§
#....##..#
§°§§
#....#..##
..§##)..##..#
#§.##..#.☼##
#§§####☼§#
#☼☼§###☼##
#°§#☼§##
##☼4@§#
##○.## ####


You could see an ice devil.

Vanquished Creatures
  A hydra (D:11)
  2 two-headed ogres
  An unseen horror (D:11)
  A manticore (D:12)
  2 ice statues (IceCv)
  A gargoyle (D:11)
  A kobold demonologist (D:11)
  3 ice devils (IceCv)
  A hornet (D:7)
  2 slime creatures (D:11)
  A hippogriff (D:9)
  A shadow (D:11)
  A wyvern (D:11)
  A spriggan (D:7)
  3 hungry ghosts
  3 wargs (D:8)
  3 ice beasts
  5 orc warriors
  3 ogres
  A phantom (D:11)
  3 centaurs
  A crocodile (D:10)
  2 big kobolds (Sewer)
  6 bullfrogs
  A gnoll sergeant (D:10)
  4 scorpions
  13 killer bees
  6 howler monkeys
  2 crimson imps (D:11)
  A bullfrog zombie (D:11)
  11 hounds
  12 orc wizards
  17 orc priests
  4 jellies
  4 centaur skeletons
  2 iguanas
  Terence (D:2)
  10 worker ants
  A hound skeleton (D:8)
  8 mummies (Ossuary)
  A howler monkey zombie (D:6)
  2 worker ant zombies
  3 gnolls (D:10)
  10 adders
  5 river rats (Sewer)
  A shadow imp (D:11)
  6 white imps (IceCv)
  4 ufetubi (IceCv)
  2 oozes
  3 adder zombies
  An adder skeleton (D:9)
  2 worms
  4 leopard geckos
  58 orcs
  9 ball pythons
  4 giant cockroaches
  13 goblins
  4 hobgoblins
  10 jackals
  16 kobolds
  3 quokkas
  7 bats
  7 frilled lizards
  A hobgoblin zombie (Ossuary)
  A jackal zombie (D:5)
  4 kobold zombies (Ossuary)
  A leopard gecko skeleton (D:4)
  3 orc zombies (Ossuary)
  31 rats
362 creatures vanquished.

Vanquished Creatures (others)
  2 white imps (IceCv)
  4 ufetubi (IceCv)
6 creatures vanquished.

Grand Total: 368 creatures vanquished

Notes
Turn   | Place    | Note
-------+----------+-------------------------------------------
     0 | D:1      | MajorAdolf the Naga Wanderer began the quest for the Orb.
     0 | D:1      | MajorAdolf set off with the following items: a +2 hand
                  | crossbow, 22 bolts, a +0 mace, a scroll of teleportation, a
                  | +0 robe, a +0 dagger, a ration
     0 | D:1      | Reached XP level 1. HP: 19/19 MP: 1/1
   573 | D:1      | Reached XP level 2. HP: 26/26 MP: 2/2
   912 | D:2      | Reached skill level 1 in Short Blades
   970 | D:2      | Reached XP level 3. HP: 31/32 MP: 3/3
  1025 | D:2      | Noticed Terence
  1040 | D:2      | Killed Terence
  1040 | D:2      | Reached skill level 2 in Short Blades
  1292 | D:2      | Reached XP level 4. HP: 39/39 MP: 4/4
  1347 | D:2      | Reached skill level 3 in Short Blades
  1749 | D:2      | Found a sparkling altar of Nemelex Xobeh.
  2179 | D:3      | Found a stormy altar of Qazlal.
  3149 | D:4      | Reached skill level 4 in Short Blades
  3149 | D:4      | Reached XP level 5. HP: 44/45 MP: 5/5
  3873 | D:4      | Reached skill level 1 in Dodging
  3873 | D:4      | Reached XP level 6. HP: 38/55 MP: 6/6
  4418 | D:4      | Reached XP level 7. HP: 62/62 MP: 7/7
  4548 | D:4      | Reached skill level 5 in Short Blades
  4747 | D:5      | Entered Level 5 of the Dungeon
  4818 | D:5      | Found Xizi's Magic Scroll Shoppe.
  4840 | D:5      | Bought a scroll of magic mapping for 45 gold pieces
  4859 | D:5      | Found a glowing drain.
  4973 | Sewer    | Entered a sewer
  6134 | Sewer    | Reached XP level 8. HP: 67/72 MP: 8/8
  6972 | D:5      | Reached skill level 6 in Short Blades
  7172 | D:6      | Found a staircase to the Ecumenical Temple.
  7181 | Temple   | Entered the Ecumenical Temple
  7558 | Temple   | Became a worshipper of Gozag Ym Sagoz the Greedy
  7600 | Temple   | Reached skill level 5 in Fighting
  8540 | D:7      | Reached skill level 1 in Evocations
  8540 | D:7      | Reached XP level 9. HP: 81/81 MP: 9/9
  8728 | D:7      | Noticed a hornet
  9072 | D:7      | Paralysed by a hornet for 2 turns
  9076 | D:7      | Killed a hornet
  9424 | D:7      | Found a glowing golden altar of the Shining One.
  9633 | D:8      | Reached skill level 7 in Short Blades
  9859 | D:8      | Found a staircase to the Lair.
  9862 | D:8      | Found a sand-covered staircase.
  9871 | Ossuary  | Entered an ossuary
 11139 | D:8      | Reached skill level 5 in Armour
 11268 | D:8      | Found a blossoming altar of Fedhas.
 11270 | D:8      | Noticed an oklob plant
 11270 | D:8      | Noticed an oklob plant
 12274 | D:9      | Reached XP level 10. HP: 67/92 MP: 12/12
 12530 | D:9      | Reached skill level 5 in Dodging
 13442 | D:8      | Bought a glowing buckler for 210 gold pieces
 13442 | D:8      | Bought a glowing cloak for 210 gold pieces
 13940 | D:10     | Entered Level 10 of the Dungeon
 13971 | D:10     | Reached skill level 8 in Short Blades
 14447 | D:10     | Reached skill level 1 in Shields
 14511 | D:10     | Noticed an orc high priest
 14530 | D:10     | Noticed Urug
 14754 | D:11     | Noticed a gargoyle
 14765 | D:11     | Noticed an unseen horror
 14779 | D:11     | Killed a gargoyle
 14779 | D:11     | Reached skill level 5 in Evocations
 14837 | D:11     | Killed an unseen horror
 14837 | D:11     | Reached XP level 11. HP: 41/100 MP: 14/14
 15767 | D:11     | Noticed a two-headed ogre
 15769 | D:11     | Killed a two-headed ogre
 15903 | D:12     | Noticed a two-headed ogre
 15903 | D:12     | Noticed a five-headed hydra
 15914 | D:11     | Killed a one-headed hydra
 15937 | D:12     | Killed a two-headed ogre
 15952 | D:12     | Reached skill level 9 in Short Blades
 15953 | D:12     | Noticed a manticore
 15977 | D:12     | Killed a manticore
 15989 | D:12     | Found a frozen archway.
 15996 | IceCv    | Entered an ice cave
 20476 | IceCv    | Engulfed by a cloud of freezing vapour

Illustrated notes

Levels and vault maps discovered:
D:1:      nicolae_arrival_somewhat_less_tricky_arrival, layout_basic
D:2:      layout_basic, nemelex_altar_shiori, uniq_terence
D:3:      layout_loops_ring, first_ration, grunt_qazlal_sundering
D:4:      layout_loops_corners, serial_forest, infiniplex_forest_clump_C,
          infiniplex_forest_lined_4_way, infiniplex_forest_end_3,
          infiniplex_forest_lined_1, infiniplex_forest_clump_curved,
          infiniplex_forest_clump_diagonal, infiniplex_forest_lined_room_2,
          infiniplex_forest_lined_2, infiniplex_forest_lined_3_way
D:5:      layout_basic, portal_sewer_entry_a, serial_shops, shop_statue,
          chequers_serial_rivers_room_b, minmay_ogre_servants
D:6:      layout_rooms, minmay_temple_entry_proselytizer
D:7:      layout_cave_pools, lemuel_doored_altar, the_bakery
D:8:      layout_layer_cave, erik_lair_orcish_takeover,
          nicolae_ossuary_entry_monument, hangedman_tree_tricks
D:9:      layout_rooms
D:10:     layout_small_grid, orc_0_dummy, kb_lookout_dungeons_type,
          kennysheep_just_a_vault, uniq_urug
D:11:     layout_cave_pools
D:12:     layout_cross, serial_column_ruins, column_ruins_open_small,
          column_ruins_grid_1, column_ruins_open_small_water,
          column_ruins_columns_dead_end, column_ruins_columns_corner,
          column_ruins_columns_straight, portal_ice_cave_entry_pillars_1,
          minmay_the_grid_2x2 [minmay_the_grid_medium_cups,
          minmay_the_grid_stretched_grid, minmay_the_grid_diamond_grid,
          minmay_the_grid_prize_four_corners_diamond_b], uniq_rupert
Temple:   minmay_crystal_snake_temple
IceCv:    ice_cave_small_demon

Skill      XL: |  1  2  3  4  5  6  7  8  9 10 11 |
---------------+----------------------------------+-----
Stealth        | 6 8 |  8.1
Short Blades   | 1 2 4 5 6 7 8 9 |  9.2
Dodging        | 1 2 3 4 5 6 |  6.6
Fighting       | 3 4 5 6 7 8 |  8.4
Armour         | 2 3 4 5 6 |  6.3
Evocations     | 1 3 5 6 |  6.4
Shields        | 1 3 |  3.5
Long Blades    | |  1.0
Crossbows      | |  1.7

Action                   |  1- 3 |  4- 6 |  7- 9 | 10-12 || total
-------------------------+-------+-------+-------+-------++-------
Melee: Short sword       |    39 |   218 |   654 |   613 ||  1524
       Dagger            |       |       |       |   328 ||   328
       Falchion          |       |       |       |   189 ||   189
 Fire: Hand crossbow     |    11 |       |       |       ||    11
Invok: Call Merchant     |       |       |     1 |       ||     1
 Abil: Spit Poison       |     1 |     2 |    11 |       ||    14
Evoke: Wand              |       |       |    10 |    18 ||    28
  Use: Scroll            |       |     4 |    19 |    13 ||    36
       Potion            |       |       |     1 |    11 ||    12
 Stab: Sleeping          |     1 |     6 |     7 |     6 ||    20
       Distracted        |       |       |     2 |     4 ||     6
       Confused          |       |       |     1 |       ||     1
  Eat: Chunk             |       |     9 |     4 |       ||    13
       Ration            |       |       |     5 |     8 ||    13
Armor: Robe              |    22 |       |       |       ||    22
       Scale mail        |     2 |    92 |   397 |    90 ||   581
       Ring mail         |       |       |       |   499 ||   499
Dodge: Dodged            |    23 |    60 |   319 |   552 ||   954
Block: Buckler           |       |       |       |   279 ||   279
       Rpst.: Falchion   |       |       |       |    42 ||    42
